 Dungeon Crawl Stone Soup version 0.26-a0-1139-g7d2dc893a1 (webtiles) character file.

Game seed: 1246239949841499294

2004 pkoi the Insei (level 9, -9/70 HPs)
             Began as a Green Draconian Transmuter on Dec 22, 2020.
             Mangled by an orc warrior
             ... wielding a +0 glaive of venom
              (23 damage)
             ... on level 7 of the Dungeon.
             The game lasted 00:07:54 (6691 turns).

pkoi the Insei (Green Draconian Transmuter)         Turns: 6691, Time: 00:07:55

Health: -9/70      AC:  2    Str: 15    XL:     9   Next: 2%
Magic:  10/12      EV: 22    Int: 23    God:
Gold:   385        SH:  0    Dex: 27    Spells: 7/12 levels left

rFire    . . .     SeeInvis .     - Unarmed
rCold    . . .     Faith    .   (shield currently unavailable)
rNeg     . . .     Spirit   .   (armour unavailable)
rPois    x         Reflect  .   (helmet currently unavailable)
rElec    .         Harm     .   (cloak currently unavailable)
rCorr    .         Rampage  .   (gloves currently unavailable)
Will     .....                  (boots currently unavailable)
Stlth    +++.......             d - amulet of regeneration
HPRegen  0.61/turn              j - +6 ring of dexterity
MPRegen  0.13/turn              r - ring of Noelol {Str+3 Int+6 Dex+4 Slay+3 Stlth+}

@: lethally poisoned (-9 -> -50), spider-form
A: tiny, (breathe noxious fumes), unfitting armour, AC +7
a: End Transformation


You were on level 7 of the Dungeon.
You were a venomous arachnid creature.
You visited 1 branch of the dungeon, and saw 7 of its levels.
You also visited: Ossuary.

You collected 385 gold pieces.

Inventory:

Missiles
 o - 19 poisoned darts
Armour
 e - a +0 pair of boots (melded)
 i - a +0 pair of gloves (melded)
 w - a +0 cloak (melded)
Jewellery
 d - an amulet of regeneration (around neck)
 j - a +6 ring of dexterity (left front leg)
 r - the ring of Noelol (right front leg) {Str+3 Int+6 Dex+4 Slay+3 Stlth+}
   (You found it on level 4 of the Dungeon)

   [ring of intelligence]

   It affects your strength (+3).
   It affects your intelligence (+6).
   It affects your dexterity (+4).
   It affects your accuracy and damage with ranged weapons and melee attacks
   (+3).
   It makes you more stealthy.
 s - an uncursed ring of resist corrosion {unknown}
Wands
 t - a wand of acid (5)
 u - a wand of enslavement (7)
Scrolls
 a - 3 scrolls of amnesia
 b - 2 scrolls of magic mapping
 c - 9 scrolls of remove curse
 f - 5 scrolls of identify
 l - 3 scrolls of immolation
 y - a scroll of teleportation
 A - a scroll of enchant armour {unknown}
Potions
 g - 5 potions of curing {unknown}
 h - 3 potions of might {unknown}
 k - 3 potions of haste {unknown}
 m - 2 potions of attraction {unknown}
 n - 3 potions of heal wounds
 p - 3 potions of ambrosia {unknown}
 q - a potion of experience {unknown}
 v - a potion of berserk rage {unknown}
 x - a potion of flight {unknown}
 z - 2 potions of degeneration {unknown}


   Skills:
 + Level 3.4 Fighting
 + Level 3.2 Dodging
 + Level 7.4 Unarmed Combat
 - Level 2.0 Spellcasting
 - Level 3.5 Translocations
 * Level 6.5 Transmutations
 - Level 5.1 Poison Magic


You had 7 spell levels left.
You knew the following spells:

 Your Spells              Type           Power        Failure   Level
b - Spider Form           Tmut/Pois      14%          12%         3
c - Blink                 Tloc           N/A          14%         2

Your spell library contained the following spells:

 Spells                   Type           Power        Failure   Level
 Beastly Appendage        Tmut           64%          4%          1
 Wereblood                Tmut           32%          6%          2
 Animate Skeleton         Necr           4%           30%         1
 Magic Dart               Conj           8%           30%         1
 Pain                     Necr           8%           30%         1
 Call Imp                 Summ           2%           38%         2
 Slow                     Hex            2%           38%         2
 Mephitic Cloud           Conj/Pois/Air  10%          38%         3
 Blade Hands              Tmut           16%          45%         5
 Ice Form                 Ice/Tmut       17%          54%         4
 Conjure Flame            Conj/Fire      2%           58%         3
 Vampiric Draining        Necr           1%           58%         3
 Animate Dead             Necr           1%           90%         4
 Agony                    Necr           2%           99%         5


Dungeon Overview and Level Annotations

Branches:
Dungeon (7/15)            Ossuary (visited)
 Temple: D:4-7

Altars:
Qazlal

Shops:
D:4 =   D:6 ?


Innate Abilities, Weirdness & Mutations

((You can breathe blasts of noxious fumes.))
((Your lurid green scales are hard. (AC +7)))
You cannot fit into any form of body armour.
((Your system is resistant to poisons. (rPois)))
((You are cold-blooded and may be slowed by cold attacks.))


Message History

You feel sick. The orc warrior closely misses you. The orc misses you. x2
Unknown command.
You barely miss the orc warrior.
The orc warrior is heavily wounded.
You feel sick. The orc warrior barely misses you.
Unknown command.
You hit the orc.
The orc is poisoned.
The orc is moderately wounded.
You feel sick. The orc hits you with a +0 mace! The orc completely misses you.
You bite the orc!
You kill the orc!
You feel sick.
The orc warrior hits you with a +0 glaive of venom!
* * * LOW HITPOINT WARNING * * *
You are lethally poisoned!
The orc misses you.
* * * LOW HITPOINT WARNING * * *
You feel very sick.
The orc warrior hits you from afar with a +0 glaive of venom!!
You die...

######## ########
#......#
#####......#
#......#
#...#......#
#...o..#
#...#......#
#......#
##'##s.....#
#..o...#
#..)o######...
#..o.# #..oo# .
#..o.# #....#
..#...o####....#
................#
#######.........#
#.........#
#.........#


You could see an orc warrior (very poisoned) and 2 orcs.

Vanquished Creatures
  Grinder (D:6)
  Eustachio (D:5)
  Sigmund (D:5)
  Edmund (D:5)
  Menkaure (D:6)
  A sky beast (D:5)
  An orc warrior (D:5)
  A phantom (D:6)
  A centaur (D:5)
  An elf zombie (Ossuary)
  3 scorpions
  A human zombie (Ossuary)
  A bullfrog zombie (D:4)
  2 hounds
  2 jellies (D:5)
  Crazy Yiuf (D:6)
  3 orc wizards
  3 bullfrog skeletons (D:5)
  An iguana (D:4)
  3 worker ants
  4 mummies (Ossuary)
  A gnoll (D:2)
  2 worker ant zombies
  2 adders
  A white imp (D:5)
  An ufetubus (D:5)
  An ooze (D:3)
  An adder skeleton (D:4)
  An adder zombie (Ossuary)
  A worm (D:2)
  2 dart slugs
  6 leopard geckos
  14 orcs
  5 ball pythons
  2 giant cockroaches (D:2)
  7 goblins
  6 hobgoblins
  3 jackals (D:4)
  3 kobolds
  A quokka (D:4)
  4 bats
  7 frilled lizards
  2 gnoll zombies (Ossuary)
  4 goblin zombies
  A hobgoblin zombie (Ossuary)
  A jackal zombie (D:6)
  A leopard gecko skeleton (D:5)
  An orc zombie (Ossuary)
  8 rats
  2 rat zombies (Ossuary)
125 creatures vanquished.

Notes
Turn   | Place    | Note
-------+----------+-------------------------------------------
     0 | D:1      | pkoi the Draconian Transmuter began the quest for the Orb.
     0 | D:1      | Reached XP level 1. HP: 16/16 MP: 3/3
   364 | D:1      | Reached XP level 2. HP: 20/23 MP: 5/5
   836 | D:1      | Reached skill level 4 in Unarmed Combat
  1362 | D:2      | Reached XP level 3. HP: 27/28 MP: 6/6
  1588 | D:2      | Found a faded altar of an unknown god.
  2199 | D:3      | Reached XP level 4. HP: 35/35 MP: 7/7
  2289 | D:3      | Reached skill level 5 in Unarmed Combat
  2338 | D:3      | Learned a level 3 spell: Spider Form
  3130 | D:4      | Found Vaureec's Jewellery Boutique.
  3132 | D:4      | Got a steaming iron ring
  3192 | D:4      | Reached skill level 1 in Poison Magic
  3192 | D:4      | Reached XP level 5. HP: 29/40 MP: 8/8
  3527 | D:4      | Learned a level 2 spell: Blink
  3984 | D:4      | Found a stormy altar of Qazlal.
  3986 | D:4      | Noticed an air elemental
  3987 | D:4      | Noticed a fire elemental
  3987 | D:4      | Noticed a water elemental
  4082 | D:5      | Entered Level 5 of the Dungeon
  4096 | D:5      | Reached XP level 6. HP: 25/47 MP: 9/9
  4107 | D:4      | Reached skill level 1 in Translocations
  4359 | D:5      | Noticed Eustachio
  4381 | D:5      | Killed Eustachio
  4393 | D:4      | Reached skill level 6 in Unarmed Combat
  4519 | D:5      | Your scales start taking on a lurid green colour.
  4519 | D:5      | Reached XP level 7. HP: 41/52 MP: 10/10
  4519 | D:5      | Gained mutation: Your system is resistant to poisons.
                  | (rPois) [Green Draconian growth]
  5144 | D:5      | Noticed Sigmund
  5151 | D:5      | Killed Sigmund
  5152 | D:5      | Reached skill level 5 in Poison Magic
  5152 | D:5      | Reached XP level 8. HP: 59/59 MP: 7/11
  5217 | D:5      | Identified the ring of Noelol {Str+3 Int+6 Dex+4 Slay+3
                  | Stlth+} (You found it on level 4 of the Dungeon)
  5221 | D:5      | Noticed Edmund
  5250 | D:5      | Killed Edmund
  5251 | D:5      | Reached skill level 5 in Transmutations
  5915 | D:6      | Noticed Grinder
  5926 | D:6      | Killed Grinder
  5927 | D:6      | Reached skill level 7 in Unarmed Combat
  5927 | D:6      | Found Xavaesch's Magic Scroll Emporium.
  5945 | D:6      | Found a sand-covered staircase.
  5961 | Ossuary  | Entered an ossuary
  6286 | D:6      | Noticed Menkaure
  6302 | D:6      | Killed Menkaure
  6448 | D:6      | Found a runed translucent door.
  6449 | D:6      | Noticed Crazy Yiuf
  6456 | D:6      | Killed Crazy Yiuf
  6457 | D:6      | Reached XP level 9. HP: 64/70 MP: 8/12
  6691 | D:7      | Mangled by an orc warrior

Illustrated notes

Levels and vault maps discovered:
D:1:      onia_arrival_pyramid, layout_basic, corexii_corridor_pit
D:2:      layout_loops_corners, chequers_ecumenical_altar_simple_redux,
          minmay_tromino_v4_a
D:3:      layout_rooms
D:4:      layout_basic, serial_shops, shop, nicolae_qazlal_style_of_elements
D:5:      layout_cave_pools, uniq_sigmund, uniq_eustachio, uniq_edmund
D:6:      layout_rooms, enter_ossuary_3, serial_shops, nicolae_shop_crystal,
          uniq_crazy_yiuf_cottage, uniq_grinder, uniq_menkaure
D:7:      black_bear_nest_2, layout_gridville, minmay_temple_entry_from_below_a,
          minmay_shattered_shrine, uniq_pikel

Skill      XL: |  1  2  3  4  5  6  7  8 |
---------------+-------------------------+-----
Unarmed Combat | 4 5 6 7 |  7.4
Poison Magic   | 1 2 3 5 |  5.1
Transmutations | 3 4 6 |  6.5
Translocations | 2 3 |  3.5
Dodging        | 3 |  3.2
Fighting       | 3 |  3.4
Spellcasting   | |  2.0

Action                   |  1- 3 |  4- 6 |  7- 9 || total
-------------------------+-------+-------+-------++-------
Melee: Unarmed           |   133 |   167 |   206 ||   506
       Tailslap          |    14 |    32 |    26 ||    72
       Punch             |       |     5 |     2 ||     7
 Cast: Spider Form       |       |     1 |     9 ||    10
  Use: Scroll            |       |       |    11 ||    11
 Stab: Sleeping          |     1 |       |     3 ||     4
       Distracted        |       |       |     2 ||     2
Armor: Skin              |    35 |    65 |    25 ||   125
Dodge: Dodged            |    66 |   136 |   131 ||   333

Table legend: (Time is in decaauts)
 A = Elapsed time spent in this place.
 B = Non-inter-level travel time spent in this place.
 C = Inter-level travel time spent in this place.
 D = Time resting spent in this place.
 E = Time spent auto-exploring this place.
 F = Levels seen in this place.
 G = Mean time per level.
                   A        B        C        D        E       F      G
               +--------+--------+--------+--------+--------+-----+--------+
         Total |   6627 |   6407 |    220 |   1780 |   3574 |   8 |  828.4 |
       Dungeon |   6397 |   6177 |    220 |   1780 |   3455 |   7 |  913.9 |
       Ossuary |    229 |    229 |      0 |      0 |    119 |   1 |  229.0 |
               +--------+--------+--------+--------+--------+-----+--------+

Top non-repeatable levels by time:
     D:4: 1498 daAuts
     D:5: 1240 daAuts
     D:3: 1157 daAuts
     D:1: 1121 daAuts
     D:2: 785 daAuts
     D:6: 535 daAuts
 Ossuary: 229 daAuts
     D:7: 59 daAuts
